Workbook

Sheet Expenditure Based Budget
A1: Attachment 16
A2: SUMMARY
A4: PROJECT NAME:
A6: CONTRACTOR SFS PAYEE NAME:
A8: CONTRACT PERIOD: | B8: From:
B10: To:
A12: CATEGORY OF EXPENSE | D12: GRANT FUNDS | F12: MATCH FUNDS | H12: MATCH % | J12: OTHER FUNDS | L12: TOTAL
A13: 1. Personal Services
A14: a) Salary | D14: ='Personal Service Salary Detail'!K20 -> 0 | H14: =IF(D14=0,"",SUM(ROUND(F14/D14,4))) | L14: =J14+F14+D14 -> 0
A15: b) Fringe | D15: ='Personal Service Salary Detail'!K22 -> 0 | H15: =IF(D15=0,"",SUM(ROUND(F15/D15,4))) | L15: =J15+F15+D15 -> 0
A16: Subtotal | D16: =SUM(D14:E15) -> 0 | F16: =SUM(F14:G15) -> 0 | H16: =IF(D16=0,"",SUM(ROUND(F16/D16,4))) | J16: =SUM(J14:K15) -> 0 | L16: =SUM(L14:M15) -> 0
A17: 2. Non Personal Services
A18: a) Contractual Services | D18: ='NonPersonal Contractual&Travel '!L12 -> 0 | H18: =IF(D18=0,"",SUM(ROUND(F18/D18,4))) | L18: =J18+F18+D18 -> 0
A19: b) Travel | D19: ='NonPersonal Contractual&Travel '!L23 -> 0 | H19: =IF(D19=0,"",SUM(ROUND(F19/D19,4))) | L19: =J19+F19+D19 -> 0
A20: c) Equipment | D20: ='NonPersonal Equip Space Utility'!L10 -> 0 | H20: =IF(D20=0,"",SUM(ROUND(F20/D20,4))) | L20: =J20+F20+D20 -> 0
A21: d) Space/Property & Utilities | D21: ='NonPersonal Equip Space Utility'!L17+'NonPersonal Equip Space Utility'!L22+'NonPersonal Equip Space Utility'!L27 -> 0 | H21: =IF(D21=0,"",SUM(ROUND(F21/D21,4))) | L21: =J21+F21+D21 -> 0
A22: e) Operating Expenses | D22: ='NonPersonal Operating & Other'!L11 -> 0 | H22: =IF(D22=0,"",SUM(ROUND(F22/D22,4))) | L22: =J22+F22+D22 -> 0
A23: f) Other | D23: ='NonPersonal Operating & Other'!L22 -> 0 | H23: =IF(D23=0,"",SUM(ROUND(F23/D23,4))) | L23: =J23+F23+D23 -> 0
A24: Subtotal | D24: =SUM(D18:E23) -> 0 | F24: =SUM(F18:G23) -> 0 | H24: =IF(D24=0,"",SUM(ROUND(F24/D24,4))) | J24: =SUM(J18:K23) -> 0 | L24: =SUM(L18:M23) -> 0
A25: TOTAL | D25: =SUM(D16+D24) -> 0 | F25: =SUM(F16+F24) -> 0 | H25: =IF(D25=0,"",SUM(ROUND(F25/D25,4))) | J25: =SUM(J16+J24) -> 0 | L25: =SUM(L16+L24) -> 0

Sheet Personal Service Salary Detail
A1: PERSONAL SERVICES DETAIL
A3: SALARY
A4: POSITION TITLE | C4: ANNUALIZED SALARY PER POSITION | E4: STANDARD WORK WEEK (HOURS) | G4: PERCENT OF EFFORT FUNDED | I4: NUMBER OF MONTHS FUNDED | K4: TOTAL
A5: 1 | K5: =ROUND(C5/12*G5*I5,0) -> 0
A6: =A5+1 -> 2 | K6: =ROUND(C6/12*G6*I6,0) -> 0
A7: =A6+1 -> 3 | K7: =ROUND(C7/12*G7*I7,0) -> 0
A8: =A7+1 -> 4 | K8: =ROUND(C8/12*G8*I8,0) -> 0
A9: =A8+1 -> 5 | K9: =ROUND(C9/12*G9*I9,0) -> 0
A10: =A9+1 -> 6 | K10: =ROUND(C10/12*G10*I10,0) -> 0
A11: =A10+1 -> 7 | K11: =ROUND(C11/12*G11*I11,0) -> 0
A12: =A11+1 -> 8 | K12: =ROUND(C12/12*G12*I12,0) -> 0
A13: =A12+1 -> 9 | K13: =ROUND(C13/12*G13*I13,0) -> 0
A14: =A13+1 -> 10 | K14: =ROUND(C14/12*G14*I14,0) -> 0
A15: =A14+1 -> 11 | K15: =ROUND(C15/12*G15*I15,0) -> 0
A16: =A15+1 -> 12 | K16: =ROUND(C16/12*G16*I16,0) -> 0
A17: =A16+1 -> 13 | K17: =ROUND(C17/12*G17*I17,0) -> 0
... A19: =A18+1 -> 15 | K19: =ROUND(C19/12*G19*I19,0) -> 0
A20: Subtotal | K20: =SUM(K5:K19) -> 0
A21: FRINGE - TYPE/DESCRIPTION
A23: PERSONAL SERVICES TOTAL | K23: =K22+K20 -> 0

Sheet NonPersonal Contractual&Travel 
A1: NON-PERSONAL SERVICES DETAIL
A3: CONTRACTUAL SERVICES - TYPE/DESCRIPTION | L3: TOTAL
A4: 1
A5: =A4+1 -> 2
A6: =A5+1 -> 3
A7: =A6+1 -> 4
A8: =A7+1 -> 5
A9: =A8+1 -> 6
A10: =A9+1 -> 7
A11: =A10+1 -> 8
A12: TOTAL | L12: =SUM(L4:L11) -> 0
A14: TRAVEL - TYPE/DESCRIPTION | L14: TOTAL
A15: 1
A16: =A15+1 -> 2
A17: =A16+1 -> 3
A18: =A17+1 -> 4
A19: =A18+1 -> 5
A20: =A19+1 -> 6
A21: =A20+1 -> 7
A22: =A21+1 -> 8
A23: TOTAL | L23: =SUM(L15:L22) -> 0

Sheet NonPersonal Equip Space Utility
A1: EQUIPMENT - TYPE/DESCRIPTION | L1: TOTAL
A2: 1
A3: =A2+1 -> 2
A4: =A3+1 -> 3
A5: =A4+1 -> 4
A6: =A5+1 -> 5
A7: =A6+1 -> 6
A8: =A7+1 -> 7
A9: =A8+1 -> 8
A10: TOTAL | L10: =SUM(L2:L9) -> 0
A13: SPACE/PROPERTY EXPENSES: RENT - TYPE/DESCRIPTION | L13: TOTAL
A14: 1
A15: =A14+1 -> 2
A16: =A15+1 -> 3
A17: TOTAL | L17: =SUM(L14:L16) -> 0
A18: SPACE/PROPERTY EXPENSES: OWN - TYPE/DESCRIPTION | L18: TOTAL
A19: 1
A20: =A19+1 -> 2
A21: =A20+1 -> 3
A22: TOTAL | L22: =SUM(L19:L21) -> 0
A23: TYPE/DESCRIPTION OF UTILITY EXPENSES | L23: TOTAL
A24: 1
A25: =A24+1 -> 2
A26: =A25+1 -> 3
A27: TOTAL | L27: =SUM(L24:L26) -> 0

Sheet NonPersonal Operating & Other
A2: OPERATING EXPENSES - TYPE/DESCRIPTION | L2: TOTAL
A3: 1
A4: =A3+1 -> 2
A5: =A4+1 -> 3
A6: =A5+1 -> 4
A7: =A6+1 -> 5
A8: =A7+1 -> 6
A9: =A8+1 -> 7
A10: =A9+1 -> 8
A11: TOTAL | L11: =SUM(L3:L10) -> 0
A13: OTHER - TYPE/DESCRIPTION | L13: TOTAL
A14: 1
A15: =A14+1 -> 2
A16: =A15+1 -> 3
A17: =A16+1 -> 4
A18: =A17+1 -> 5
A19: =A18+1 -> 6
A20: =A19+1 -> 7
A21: =A20+1 -> 8
A22: TOTAL | L22: =SUM(L14:L21) -> 0

Sheet Budget Justification page 1
A1: NYS - EXPENDITURE BASED BUDGET JUSTIFICATION (include position descriptions on this page)
